 Dungeon Crawl Stone Soup version 0.29.1-15-g9cfb28693d (webtiles) character file.

Game seed: 9626404049295332803

28 Heoruswealwe the Shooter (level 3, 0/22 HPs)
             Began as a Kobold Hunter on Feb 24, 2023.
             Slain by an adder (1 damage)
             ... on level 2 of the Dungeon.
             The game lasted 00:10:15 (934 turns).

Heoruswealwe the Shooter (Kobold Hunter)             Turns: 934, Time: 00:10:17

Health: 0/22       AC:  3    Str:  8    XL:     3   Next: 27%
Magic:  3/3        EV: 15    Int: 10    God:
Gold:   42         SH:  0    Dex: 20    Spells: 2/2 levels left

rFire   . . .      SeeInvis .   a - +0 shortbow
rCold   . . .      Faith    .   (shield currently unavailable)
rNeg    . . .      Spirit   .   c - +0 leather armour
rPois   .          Reflect  .   (no helmet)
rElec   .          Harm     .   (no cloak)
rCorr   .          Rampage  .   (no gloves)
Will    .....                   (no boots)
Stlth   +++.......              (no amulet)
HPRegen 0.07/turn               (no ring)
MPRegen 0.08/turn               (no ring)

@: no status effects
A: small, no large weapons, nightstalker 3
a: no special abilities


You were on level 2 of the Dungeon.
You visited 1 branch of the dungeon, and saw 2 of its levels.

You collected 42 gold pieces.

Inventory:

Hand Weapons
 a - a +0 shortbow (weapon)
 g - a +2 mace of protection
Armour
 c - a +0 leather armour (worn)
Scrolls
 b - a scroll of immolation
 d - a scroll of amnesia {unknown}
Potions
 e - a potion of curing {unknown}


   Skills:
 + Level 2.7 Fighting
 + Level 5.6 Ranged Weapons
 + Level 2.9 Dodging
 + Level 2.4 Stealth


You had 2 spell levels left.
You didn't know any spells.
Your spell library contained the following spells:

 Spells                   Type           Power      Damage    Failure   Level
 Ensorcelled Hibernation  Hex/Ice        0%         N/A       63%         2
 Passwall                 Tmut/Erth      0%         N/A       63%         2
 Swiftness                Air            0%         N/A       86%         3


Dungeon Overview and Level Annotations

Branches:
Dungeon (2/15)

Altars:


Innate Abilities, Weirdness & Mutations

You are small and have problems with some larger weapons.
You are completely attuned to the shadows.


Message History

Found a stone staircase leading down.
* * * LOW HITPOINT WARNING * * *
You feel sick. The hound attacks as you move away! The hound barely misses you.
* * * LOW HITPOINT WARNING * * *
You feel sick. The hound closely misses you.
You feel much better.
You feel sick. The hound bites you.
You feel sick. The hound closely misses you.
You feel sick.
You feel sick. The hound barely misses you.
You feel sick.
You are no longer poisoned.
The hound bites you. The hound bites you.
* * * LOW HITPOINT WARNING * * *
The hound attacks as you move away! The hound barely misses you.
The adder attacks as you move away! The adder bites you but does no damage.
Found a faded altar of an unknown god.
The adder barely misses you.
Fire: a) +0 shortbow
Press: ? - help, Q - select action Shift-Dir - straight line, f/p - adder
Aim: an adder (heavily wounded, 50% to hit)
You shoot an arrow. The arrow hits the adder.
The adder is almost dead.
A quokka comes into view.
The adder bites you.
* * * LOW HITPOINT WARNING * * *
An endoplasm comes into view.
Fire: a) +0 shortbow
Press: ? - help, Q - select action Shift-Dir - straight line, f/p - adder
Aim: an adder (almost dead, 50% to hit)
You shoot an arrow. The arrow misses the adder.
The arrow barely misses the hound.
The adder closely misses you. x2
Fire: a) +0 shortbow
Press: ? - help, Q - select action Shift-Dir - straight line, f/p - adder
Aim: an adder (almost dead, 50% to hit)
You shoot an arrow. The arrow misses the adder.
The arrow hits the hound!
The hound is heavily wounded.
The adder bites you.
You die...

... ####..
##..... #...#..
...≈_≈...
#...#.#
..J.≈....
#...#.#
..r......
#..<...
#.......#.
##.....
#..@..#..
#..##..
#.##S##.# ##.##
#> #..hg.# #
##..# .
###...##.###..##
###..#.#...##
##.>.#.###
#..##.# ##.##.#
#..##.#


You could see a hound, an adder, an endoplasm, a quokka and a hobgoblin.

Vanquished Creatures
  A dart slug (D:1)
  2 ball pythons
  5 endoplasms (D:1)
  3 goblins (D:1)
  3 hobgoblins
  2 quokkas (D:1)
  A bat (D:1)
  A frilled lizard (D:1)
  3 kobolds
21 creatures vanquished.

Vanquished Creatures (others)
  8 plants (D:1)
8 creatures vanquished.

Grand Total: 29 creatures vanquished

Notes
Turn   | Place    | Note
-------+----------+-------------------------------------------
     0 | D:1      | Heoruswealwe the Kobold Hunter began the quest for the Orb.
     0 | D:1      | Reached XP level 1. HP: 12/12 MP: 1/1
   150 | D:1      | Reached XP level 2. HP: 16/18 MP: 2/2
   640 | D:1      | Reached XP level 3. HP: 22/22 MP: 3/3
   922 | D:2      | HP: 1/22 [poisoned by an adder]
   931 | D:2      | Found a faded altar of an unknown god.
   932 | D:2      | HP: 1/22 [adder (3)]
   934 | D:2      | Slain by an adder

Illustrated notes

Levels and vault maps discovered:
D:1:      lightli_arrival_statuegarden, layout_basic
D:2:      layout_rooms, shapermc_ecumenical_altar_starsandcircs

Skill      XL: |  1  2 |
---------------+-------+-----
Stealth        | 2 |  2.4
Fighting       | |  2.7
Ranged Weapons | |  5.6
Dodging        | |  2.9

Action                   || total
-------------------------++-------
Melee: Short sword       ||    38
       Punch             ||     2
 Fire: Shortbow          ||    56
  Use: Scroll            ||     2
       Potion            ||     1
Armor: Leather armour    ||     6
Dodge: Dodged            ||    33
